 Dungeon Crawl Stone Soup version 0.18-a0-1285-g60d00e1 (webtiles) character file.

83 MDvedh the Cutter (level 4, -1/30 HPs)
             Began as a Halfling Berserker on Feb 7, 2016.
             Was a Follower of Trog.
             Slain by a gnoll
             ... wielding a +0 spear
              (12 damage)
             ... on level 2 of the Dungeon on Feb 8, 2016.
             The game lasted 00:03:41 (1476 turns).

MDvedh the Cutter (Halfling Berserker)              Turns: 1476, Time: 00:03:41

Health: -1/30      AC:  5    Str: 17    XL:     4   Next: 71%
Magic:  4/4        EV: 15    Int:  6    God:    Trog [*.....]
Gold:   25         SH:  0    Dex: 14    Spells: 0 memorised, 3 levels left

rFire  . . .     SeeInvis .     a - +0 short sword
rCold  . . .     Gourm    .     b - +0 animal skin
rNeg   . . .     Faith    .     (shield restricted)
rPois  .         Spirit   .     (no helmet)
rElec  .         Dismiss  .     l - +2 cloak
rCorr  .         Reflect  .     (no gloves)
SustAt .         Harm     .     (no boots)
MR     .....                    (no amulet)
Stlth  +.........               (no ring)
                                (no ring)

@: not resistant to hostile enchantments, very unstealthy
A: mutation resistance 1
a: Berserk, Burn Spellbooks, Renounce Religion


You were on level 2 of the Dungeon.
You worshipped Trog.
Trog was aware of your devotion.
You were very hungry.

You visited 1 branch of the dungeon, and saw 2 of its levels.

You collected 25 gold pieces.

Inventory:

Hand Weapons
 a - a +0 short sword (weapon)
Armour
 b - a +0 animal skin (worn)
 l - a +2 cloak (worn)
Jewellery
 g - a +4 ring of dexterity {unknown}
Scrolls
 d - a scroll of teleportation {unknown}
 e - 3 scrolls of identify {unknown}
 i - a scroll of enchant armour {unknown}
 j - 3 scrolls of random uselessness {unknown}
Potions
 f - a potion of curing
 h - a potion of lignification {unknown}
 k - a potion of invisibility {unknown}
Comestibles
 c - 2 bread rations


   Skills:
 - Level 2.6 Fighting
 + Level 6.8 Short Blades
 - Level 2.1 Armour
 - Level 2.1 Dodging


You had 3 spell levels left.
You didn't know any spells.

Dungeon Overview and Level Annotations

Branches:
Dungeon (2/15)

Altars:


Innate Abilities, Weirdness & Mutations

You are small and have problems with some larger weapons.
You are somewhat resistant to further mutation.


Message History

Drink which item? (? for menu, Esc to quit)
Okay, then.
You're too hungry to go berserk.
Okay, then.
Unknown command.
Drink which item? (? for menu, Esc to quit)
It was a potion of curing.
You feel better. The adder barely misses you.
The gnoll hits you but does no damage. The adder bites you but does no damage.
You hit the adder.
The adder is moderately wounded.
The gnoll completely misses you. The adder bites you but does no damage.
You barely miss the adder.
The adder is moderately wounded.
The gnoll barely misses you. The gnoll misses you.
The adder bites you but does no damage.
You puncture the adder!
You kill the adder!
Trog accepts your kill.
The gnoll hits you from afar with a spear!
You die...

....# #.#
#.......#
.....# #)#
#.......#
......# #.#
##.......#
#.......
#.##
#........#
#..#
##........##
##.##
#..#####...#
#gg# #.##
##..# ##.#
#.# #..# ...
#@#####.#
#..# ....
#.##....#
#..# ...
#....####
#..# ###.#
#...## #..#
.....##
#..## #...
#...###..#
#...
#.......#
##..
#..).##.#
#.. .
#..#.##.###
#..


You could see 2 gnolls.

Vanquished Creatures
  Crazy Yiuf (D:2)
  2 adders (D:2)
  2 oozes
  A worm (D:2)
  6 bats
  A giant cockroach (D:1)
  2 goblins (D:1)
  6 hobgoblins
  A ball python (D:1)
  3 giant newts
  3 kobolds
  A rat (D:1)
29 creatures vanquished.

Notes
Turn   | Place    | Note
--------------------------------------------------------------
     0 | D:1      | MDvedh the Halfling Berserker began the quest for the Orb.
     0 | D:1      | Reached XP level 1. HP: 15/15 MP: 1/1
   314 | D:1      | Reached XP level 2. HP: 20/20 MP: 2/2
   401 | D:1      | Upgraded the game from 0.18-a0-1273-g8ec5f8e to 0.18-a0-1285-g60d00e1
   525 | D:1      | Reached skill level 5 in Short Blades
   813 | D:1      | Reached XP level 3. HP: 16/25 MP: 3/3
  1160 | D:2      | Noticed Crazy Yiuf
  1167 | D:2      | Killed Crazy Yiuf
  1167 | D:2      | Reached skill level 6 in Short Blades
  1167 | D:2      | Reached XP level 4. HP: 30/30 MP: 4/4
  1476 | D:2      | Slain by a gnoll

Vault maps used:
D:1:      dpeg_arrival_boxorama, roderic_lattice_a
D:2:      first_bread, lightli_corner_chamber, uniq_crazy_yiuf_cottage,
          uniq_jessica

Action                   |  1- 3 |  4- 6 || total
-------------------------+-------+-------++-------
Melee: Short sword       |    73 |    34 ||   107
Invok: Berserk           |     2 |     1 ||     3
  Use: Potion            |       |     1 ||     1
 Stab: Sleeping          |     2 |       ||     2
  Eat: Chunk             |     1 |     1 ||     2
       Pizza             |       |     1 ||     1
